 Dungeon Crawl Stone Soup version 0.29.1-15-g9cfb28693d (webtiles) character file.

Game seed: 13422663725225381956

38 protoss039 the Digger (level 3, 26/26 HPs)
             Began as a Demonspawn Earth Elementalist on Mar 15, 2023.
             Got out of the dungeon alive.
             The game lasted 00:01:26 (1503 turns).

protoss039 the Digger (DsEE)                        Turns: 1503, Time: 00:01:26

Health: 26/26      AC:  3    Str:  8    XL:     3   Next: 25%
Magic:  6/6        EV: 11    Int: 18    God:
Gold:   59         SH:  0    Dex: 13    Spells: 3/6 levels left

rFire   . . .      SeeInvis .   a - +1 dagger (venom)
rCold   . . .      Faith    .   (no shield)
rNeg    . . .      Spirit   .   f - +0 leather armour
rPois   .          Reflect  .   (no helmet)
rElec   .          Harm     .   (no cloak)
rCorr   .          Rampage  .   (no gloves)
Will    .....                   (no boots)
Stlth   ++........              (no amulet)
HPRegen 0.08/turn               (no ring)
MPRegen 0.10/turn               (no ring)

@: no status effects
A: claws 1, hooves 1
a: no special abilities


You escaped.
You visited 1 branch of the dungeon, and saw 2 of its levels.

You collected 59 gold pieces.

Inventory:

Hand Weapons
 a - a +1 dagger of venom (weapon)
Armour
 f - a +0 leather armour (worn)
Wands
 g - a wand of flame (23)
Scrolls
 c - a scroll of vulnerability {unknown}
 d - a scroll of identify {unknown}
 e - 2 scrolls of torment {unknown}
 h - a scroll of amnesia {unknown}
Potions
 b - a potion of magic


   Skills:
 + Level 1.2 Fighting
 * Level 1.1 Armour
 - Level 1.7 Dodging
 - Level 1.7 Stealth
 + Level 2.4 Spellcasting
 - Level 0.8 Transmutations
 + Level 3.0 Earth Magic


You had 3 spell levels left.
You knew the following spells:

 Your Spells              Type           Power      Damage    Failure   Level
a - Sandblast             Erth           26%        2d8       7%          1
b - Passwall              Tmut/Erth      7%         N/A       17%         2

Your spell library contained the following spells:

 Spells                   Type           Power      Damage    Failure   Level
 Stone Arrow              Conj/Erth      14%        3d7       36%         3
 Petrify                  Tmut/Erth      9%         N/A       73%         4


Dungeon Overview and Level Annotations

Branches:
Dungeon (2/15) Zot: 10483

Altars:


Innate Abilities, Weirdness & Mutations

You have sharp fingernails.
You have large cloven feet.


Message History

There is an open door here.
You open the door.
There is an open door here.
You see here a +0 dagger.
An adder comes into view.
You can't go up here!
An adder is nearby!
Casting: Sandblast (safe; 7% risk of failure)
Confirm with . or Enter, or press ? or * to list all spells.
Aiming: Sandblast (safe; 7% risk of failure)
Press: ? - help, Shift-Dir - straight line, f - adder
Aim: an adder (wandering, hasn't noticed you, 70% to hit)
The blast of sand hits the adder!
The adder is heavily wounded.
The adder hisses angrily.
Unknown command.
You hit the adder but do no damage.
The adder is poisoned.
Your kick misses the adder.
The adder is heavily wounded.
The adder bites you.
Casting: Sandblast (safe; 7% risk of failure)
Confirm with . or Enter, or press ? or * to list all spells.
Aiming: Sandblast (safe; 7% risk of failure)
Press: ? - help, Shift-Dir - straight line, f/p - adder
Aim: an adder (heavily wounded, very poisoned, 70% to hit)
The blast of sand hits the adder!
You kill the adder!
Unknown command.
There is a stone staircase leading up here.
You climb upwards.
There is a stone staircase leading down here.
Unknown command.
Magic restored.
HP restored.
Things that are here:
4 stones; a +0 club
There is an open door here.
There is a staircase leading out of the dungeon here.
Are you sure you want to leave the Dungeon?
This will make you lose the game!
You have escaped!

.# #.#...# #.# #..# ##
#.#...# #.# #.## #
####.#...####.#### #.#
#................# ####.#
#.##.############# ##..#.#
####.##.#[### #.# ###.#..†#
........##..####'####..####.#
####.#######..'...'..### #.#
# #.# ####.@.#### #.# ## #.#
###..'...'..### #.#
.###.#####..####'####..## #.#
........#.### #.# ###.# #)#
.######..#### ###### #####.#
## ##.#..#######.# #>##.# #
#.#..........# #.##.# #
##.##.######### #.##.# #
#.....# #.##.#


There were no monsters in sight!

Vanquished Creatures
  An adder (D:2)
  A dart slug (D:1)
  2 endoplasms
  A giant cockroach (D:1)
  2 goblins
  4 hobgoblins (D:2)
  4 kobolds
  2 ball pythons (D:1)
  3 bats (D:1)
  4 frilled lizards (D:1)
  2 rats
26 creatures vanquished.

Vanquished Creatures (others)
  5 plants (D:2)
5 creatures vanquished.

Grand Total: 31 creatures vanquished

Notes
Turn   | Place    | Note
-------+----------+-------------------------------------------
     0 | D:1      | protoss039 the Demonspawn Earth Elementalist began the
                  | quest for the Orb.
     0 | D:1      | Reached XP level 1. HP: 13/13 MP: 3/3
   361 | D:1      | Discovered your monstrous ancestry.
   361 | D:1      | Gained mutation: You have large cloven feet. [demonic
                  | ancestry]
   361 | D:1      | Reached XP level 2. HP: 20/20 MP: 1/5
   466 | D:1      | Found a faded altar of an unknown god.
   906 | D:1      | Learned a level 2 spell: Passwall
   914 | D:2      | Reached skill level 1 in Fighting
   926 | D:1      | Reached skill level 3 in Earth Magic
  1421 | D:2      | Reached skill level 1 in Armour
  1421 | D:2      | Gained mutation: You have sharp fingernails. [demonic
                  | ancestry]
  1421 | D:2      | Reached XP level 3. HP: 26/26 MP: 4/6
  1503 | D:$      | Got out of the dungeon alive.

Illustrated notes

Levels and vault maps discovered:
D:1:      dpeg_arrival_radiant, layout_loops_ring,
          hellmonk_ecumenical_altar_defaced_shrine
D:2:      layout_basic, kennysheep_nondescript, serial_bayou_pond_c

Skill      XL: |  1  2 |
---------------+-------+-----
Fighting       | 1 |  1.2
Earth Magic    | 3 |  3.0
Armour         | 1 |  1.1
Dodging        | |  1.7
Stealth        | |  1.7
Spellcasting   | |  2.4
Transmutations | |  0.8

Action                   || total
-------------------------++-------
Melee: Short sword       ||     8
       Dagger            ||    17
       Kick              ||     4
 Cast: Sandblast         ||    25
 Stab: Sleeping          ||     2
Armor: Robe              ||     3
       Leather armour    ||    10
Dodge: Dodged            ||    14
